AoeStats
← nathanm888

MegaRandom

509753644Analyzed
2v2 RM · 4d ago on Sep 27, 2026· 59m 33s· 4 players
Game mode
Random Map
Map size
Medium (4 player)
Population
200
Speed
Normal
Resources
Standard
Victory
Conquest
Starting age
Dark Age
Ending age
Imperial Age
RankedLock teamsTeams togetherTeam positionsShared explorationLock speedFull tech treeHidden civsTurbo modeCheats
Victory
Defeat
🇺🇸 Aztecs · United States
377
+18
🇺🇸 Sicilians · United States
321
+20
🇺🇸 Burmese · United States
425
-19
🇺🇸 Mongols · United States
417
-19
nathanm888
7:22 Loom
24:17 Feudal Age
26:52 Wheelbarrow
26:04 Double-Bit Axe
26:04 Horse Collar
26:20 Gold Mining
26:21 Stone Mining
26:14 Fishing Lines
26:21 Man-at-Arms
26:47 Arson
31:17 Castle Age
29:03 Town Watch
31:22 Forging
31:13 Scale Mail Armor
31:18 Scale Barding Armor
31:04 Fletching
31:14 Padded Archer Armor
35:30 Pikeman
36:27 Bloodlines
35:37 Light Cavalry
35:41 Crossbowman
36:09 Gambesons
36:25 Squires
37:23 Iron Casting
37:09 Chain Barding Armor
39:08 Bow Saw
38:44 Long Swordsman
40:25 Elite Skirmisher
41:34 First Crusade
45:49 Ballistics
45:40 Masonry
45:37 Siphons
45:53 Chain Mail Armor
48:33 Gillnets
48:54 Medium Warships
48:05 Demolition Ship
58:46 Imperial Age
56:32 Hand Cart
56:18 Town Patrol
59:40 Sanctity
59:21 Devotion
59:16 Herbal Medicine
59:32 Fervor
mankey
17:09 Feudal Age
19:37 Double-Bit Axe
27:23 Castle Age
27:44 Wheelbarrow
28:00 Forging
27:52 Scale Mail Armor
27:46 Stone Mining
27:49 Gold Mining
29:37 Iron Casting
29:18 Chain Mail Armor
28:51 Horse Collar
29:45 Bow Saw
30:17 Hand Cart
34:58 Imperial Age
33:30 Gold Shaft Mining
33:03 Heavy Plow
34:02 Medium Warships
42:47 Conscription
42:48 Garland Wars
43:10 Crop Rotation
44:49 Capped Ram
46:30 Elite Jaguar Warrior
46:56 Siege Ram
48:31 Ballistics
49:12 Chemistry
51:51 Blast Furnace
51:22 Plate Mail Armor
FruliDains
12:48 Feudal Age
13:52 Man-at-Arms
19:40 Double-Bit Axe
19:37 Horse Collar
24:22 Castle Age
25:54 Crossbowman
26:40 Thumb Ring
27:40 Bow Saw
32:23 Wheelbarrow
32:41 Fletching
32:52 Padded Archer Armor
33:03 Forging
32:19 Pikeman
37:27 Hand Cart
42:31 Imperial Age
41:59 Caravan
44:45 Arbalester
48:03 Elite Mangudai
50:19 Long Swordsman
51:00 Squires
51:38 Nomads
53:37 Conscription
57:22 Elite Skirmisher
Marsha7392
0:30 Loom
13:59 Feudal Age
15:47 Wheelbarrow
15:09 Town Watch
15:19 Gold Mining
16:12 Fishing Lines
24:39 Castle Age
26:46 Gold Shaft Mining
26:01 Stone Mining
26:28 Gillnets
26:51 Medium Warships
29:03 Husbandry
29:14 Bloodlines
29:05 Crossbowman
30:02 Squires
32:14 Caravan
39:47 Manipur Cavalry
39:20 Elite Skirmisher
42:47 Hand Cart
54:11 Imperial Age
52:53 Scale Barding Armor
52:48 Scale Mail Armor
52:59 Forging
52:39 Fletching
52:50 Padded Archer Armor
52:43 Guard Tower
53:04 Fortified Wall
53:05 Masonry
52:35 Treadmill Crane
52:46 Heated Shot
55:11 Onager
56:13 Demolition Ship
57:19 Town Patrol
59:10 Conscription
Connection lost

Rejoining the realm…

Still unreachable

The connection could not be restored.

Session expired

The server has moved on; the page needs a fresh start.